WCHLSIM.com - West Coast Hockey League
html PUBLIC "-//W3C//DTD XHTML 1.0 Transitional//EN" "http://www.w3.org/TR/xhtml1/DTD/xhtml1-transitional.dtd"> WCHL - Game 702 - COLORADO GLACIERCATS vs LOS ANGELES SEALS

COLORADO GLACIERCATS vs LOS ANGELES SEALS

Created - 24 février 2021 at 21:16

Goals
1 2 3 T
COLORADO GLACIERCATS 2 0 1 3
LOS ANGELES SEALS 1 1 0 2
Shots
1 2 3 T
COLORADO GLACIERCATS 15 10 12 37
LOS ANGELES SEALS 3 8 3 14

1st period

1. LOS ANGELES SEALS , Tyler Johnson 10 (Noah Dobson 1, Darren Helm 9) at 1:04
2. COLORADO GLACIERCATS , Leon Draisaitl 26 (Ryan Ellis 24, Alex Iafallo 19) at 1:53
3. COLORADO GLACIERCATS , Brayden Schenn 11 (Tomas Hertl 29, Erik Johnson 12) at 17:21 (PP)

Penalties :
Marcus Pettersson (LOS) for Holding (Minor) at 6:28, Ryan Murray (LOS) for Charging (Minor) at 16:04

2nd period

4. LOS ANGELES SEALS , Tyler Johnson 11 (Jeff Carter 11, Shayne Gostisbehere 4) at 8:58 (PP)

Penalties :
Tomas Hertl (COL) for Slashing (Double Minor) at 8:24, Cedric Paquette (COL) for Hooking (Minor) at 17:32

3rd period

5. COLORADO GLACIERCATS , Michael Matheson 3 (Leon Draisaitl 23, Sam Gagner 4) at 5:02

Penalties :
Nate Prosser (LOS) for Slashing (Minor) at 2:08, Antti Suomela (LOS) for Delaying the game (Minor) at 5:09, Marcus Pettersson (LOS) for Holding (Minor) at 16:04

Goalie Stats

Darcy Kuemper (COL), 12 saves from 14 shots - (0,857), W, 12-11-3, 60:00 minutes
Casey DeSmith (LOS), 34 saves from 37 shots - (0,919), L, 4-15-0, 59:39 minutes

Players Stats for COLORADO GLACIERCATS

Player Name              G  A  P  +/- PIM S  H  SB GA TA FO     MP     PP MP  PK MP  
------------------------------------------------------------------------------------
Alex Iafallo             0  1  1   1  0   3  3  0  0  0  0/1    23:21   4:07   3:03 
Brayden Schenn           1  0  1   0  0   7  2  0  0  0  9/16   20:53   5:06   0:00 
Cedric Paquette          0  0  0  -1  2   1  1  0  0  0  13/18  14:15   0:00   1:20 
Devon Toews              0  0  0   1  0   0  0  0  0  0  0/0    21:05   5:31   0:00 
Dustin Brown             0  0  0   0  0   1  0  0  0  0  0/0    15:44   0:00   0:00 
Erik Johnson             0  1  1   0  0   0  0  1  0  0  0/0    22:38   3:42   1:58 
Ilya Lyubushkin          0  0  0   0  0   0  0  0  0  0  0/0     0:00   0:00   0:00 
Johnny Boychuk           0  0  0   0  0   0  0  1  0  0  0/0    18:22   0:00   2:34 
Joonas Donskoi           0  0  0   0  0   1  0  0  0  0  0/2    19:45   3:28   0:00 
Jordan Martinook         0  0  0   1  0   0  0  0  0  0  0/0     1:18   0:00   0:20 
Leon Draisaitl           1  1  2   2  0   6  1  0  0  0  1/1    23:20   5:45   0:00 
Luke Glendening          0  0  0  -1  0   2  1  1  0  0  1/3    15:51   0:00   2:32 
Michael Matheson         1  0  1   0  0   1  1  0  0  0  0/0    19:23   3:42   1:58 
Ryan Ellis               0  1  1   1  0   5  0  0  0  0  0/0    24:46   5:31   2:34 
Sam Gagner               0  1  1   1  0   0  0  0  0  0  0/1     0:58   0:00   0:00 
Scott Laughton           0  0  0  -1  0   3  0  0  0  0  3/4    18:19   4:07   1:49 
Tomas Hertl              0  1  1   1  4   7  2  0  0  0  22/33  21:42   5:06   0:00 
Zach Bogosian            0  0  0   0  0   0  1  1  0  0  0/0    13:46   0:00   0:00 

Players Stats for LOS ANGELES SEALS

Player Name              G  A  P  +/- PIM S  H  SB GA TA FO     MP     PP MP  PK MP  
------------------------------------------------------------------------------------
Antti Suomela            0  0  0  -1  2   0  1  0  0  0  0/0    10:23   0:00   0:00 
Austin Watson            0  0  0  -1  0   0  0  0  0  0  0/1     9:10   0:31   0:00 
Chris Conner             0  0  0   1  0   0  0  0  0  0  4/14   12:12   0:00   0:00 
Darren Helm              0  1  1   1  0   2  1  0  0  0  0/0    13:46   1:34   0:00 
Emil Bemstrom            0  0  0  -1  0   0  0  0  0  0  0/0     8:39   0:00   0:00 
Frank Corrado            0  0  0  -2  0   0  0  1  0  0  0/0    13:51   0:00   0:36 
Jack Roslovic            0  0  0   0  0   1  1  1  0  0  5/22   23:35   2:58   5:37 
Jeff Carter              0  1  1   0  0   2  3  0  0  0  2/3    21:24   2:48   3:36 
Kevin Rooney             0  0  0  -1  0   1  0  1  0  0  4/7     8:39   0:00   0:00 
Marcus Johansson         0  0  0   0  0   1  1  0  0  0  1/2    16:34   1:34   0:00 
Marcus Pettersson        0  0  0   0  4   0  2  3  0  0  0/0    23:06   2:24   3:27 
Nate Prosser             0  0  0  -2  2   0  2  0  0  0  0/0    20:07   2:08   3:59 
Noah Dobson              0  1  1   1  0   0  6  1  0  0  0/0    17:35   0:00   2:30 
Patrick Maroon           0  0  0  -1  0   3  0  0  0  0  3/6    15:13   1:13   3:36 
Ryan Murray              0  0  0   0  2   1  0  1  0  0  0/0    22:37   2:24   4:10 
Shayne Gostisbehere      0  1  1   1  0   1  5  1  0  0  0/0    22:40   2:08   3:44 
Turner Elson             0  0  0  -1  0   0  0  0  0  0  8/16   10:24   0:00   0:00 
Tyler Johnson            2  0  2   1  0   2  0  1  0  0  3/8    20:47   2:58   5:37 

3 Stars

1 - Leon Draisaitl (COL)
2 - Tyler Johnson (LOS)
3 - Noah Dobson (LOS)

Power Play

COLORADO GLACIERCATS - 1 on 5 Attempt(s) - 20,00%
LOS ANGELES SEALS - 1 on 3 Attempt(s) - 33,33%

Penalty Kill

COLORADO GLACIERCATS - 2 on 3 Attempt(s) - 66,67% - Score 0 goal in Penalty Kill
LOS ANGELES SEALS - 4 on 5 Attempt(s) - 80,00% - Score 0 goal in Penalty Kill

Team Stat

COLORADO GLACIERCATS - Hits : 12 - Faceoff Wins : 49 - Blocked Shots : 4 - Penalty Minutes : 6
LOS ANGELES SEALS - Hits : 22 - Faceoff Wins : 30 - Blocked Shots : 10 - Penalty Minutes : 10

Official

Referees : Dan O'Halloran and Brandon Schrader
Linesman : Brian Murphy and Ken Bonham

Game Notes

No Game Note

Finance

Level 1 -- Attendance: 5982 (99,70%) -- Ticket Income 897 300 $
Level 2 -- Attendance: 5000 (100,00%) -- Ticket Income 495 000 $
Level 3 -- Attendance: 2000 (100,00%) -- Ticket Income 168 000 $
Level 4 -- Attendance: 2894 (72,35%) -- Ticket Income 231 520 $
Luxury Box -- Attendance: 871 (87,10%) -- Ticket Income 261 300 $
Total Attendance: 16747 (93,04%)
Total Ticket Income: 2 053 120 $
Other Expense: 20 531 $
Total Income: 2 032 589 $

COLORADO GLACIERCATS

5 vs 5 Forward 
   Center                   Left Wing                Right Wing               Time % Phy DF OF 
 1 Tomas Hertl              Alex Iafallo             Leon Draisaitl           39     0   2  3  
 2 Brayden Schenn           Dustin Brown             Joonas Donskoi           33     0   2  3  
 3 Cedric Paquette          Scott Laughton           Luke Glendening          25     0   4  1  
 4 Sam Gagner               Jordan Martinook         Leon Draisaitl           3      0   4  1  

5 vs 5 Defense 
   Defense                  Defense                                           Time % Phy DF OF 
 1 Ryan Ellis               Devon Toews                                       38     0   2  3  
 2 Johnny Boychuk           Erik Johnson                                      35     0   4  1  
 3 Michael Matheson         Zach Bogosian                                     27     0   4  1  
 4 Erik Johnson             Ryan Ellis                                        0      0   3  2  

PowerPlay Forward 
   Center                   Left Wing                Right Wing               Time % Phy DF OF 
 1 Tomas Hertl              Brayden Schenn           Leon Draisaitl           50     0   0  5  
 2 Scott Laughton           Alex Iafallo             Leon Draisaitl           50     1   1  3  

PowerPlay Defense
   Defense                  Defense                                           Time % Phy DF OF 
 1 Ryan Ellis               Devon Toews                                       70     0   1  4  
 2 Erik Johnson             Michael Matheson                                  30     0   2  3  

Penalty Kill 4 Players Forward 
   Center                   Wing                     Time % Phy DF OF 
 1 Cedric Paquette          Scott Laughton           50     0   4  1  
 2 Luke Glendening          Alex Iafallo             50     0   4  1  

Penalty Kill 4 Players Defense
   Defense                  Defense                  Time % Phy DF OF 
 1 Ryan Ellis               Johnny Boychuk           40     1   4  0  
 2 Erik Johnson             Michael Matheson         60     1   4  0  

Penalty Kill - 3 Players Forward 
   Forward                                           Time % Phy DF OF 
 1 Tomas Hertl                                       50     0   5  0  
 2 Brayden Schenn                                    50     0   5  0  

Penalty Kill - 3 Players Defense
   Defense                  Defense                  Time % Phy DF OF 
 1 Ryan Ellis               Devon Toews              50     0   5  0  
 2 Johnny Boychuk           Erik Johnson             50     0   5  0  

4 vs 4 Forward 
   Center                   Wing                     Time % Phy DF OF 
 1 Leon Draisaitl           Alex Iafallo             50     0   1  4  
 2 Tomas Hertl              Brayden Schenn           50     0   1  4  

4 vs 4 Defense
   Defense                  Defense                  Time % Phy DF OF 
 1 Johnny Boychuk           Ryan Ellis               50     0   3  2  
 2 Erik Johnson             Devon Toews              50     0   3  2  

Last Minutes Offensive
   Center                   Left Wing                Right Wing               Defense                  Defense                  
   Tomas Hertl              Brayden Schenn           Leon Draisaitl           Ryan Ellis               Devon Toews              

Last Minutes Defensive
   Center                   Left Wing                Right Wing               Defense                  Defense                  
   Tomas Hertl              Leon Draisaitl           Luke Glendening          Ryan Ellis               Erik Johnson             

Goaltenders
Starting : Darcy Kuemper            
Backup : David Rittich            

Extra Forwards
Normal : Brayden Schenn, Tomas Hertl, Alex Iafallo - PP : Joonas Donskoi, Dustin Brown - PK : Jordan Martinook
Extra Defensemen
Normal : Erik Johnson, Ryan Ellis, Devon Toews - PP : Johnny Boychuk - PK : Devon Toews, Zach Bogosian
Penalty Shots
Leon Draisaitl, Brayden Schenn, Tomas Hertl, Joonas Donskoi, Scott Laughton
Custom OT Lines Forwards
Leon Draisaitl, Tomas Hertl, Brayden Schenn, Alex Iafallo, Dustin Brown, Scott Laughton, Joonas Donskoi, Luke Glendening, Cedric Paquette, Jordan Martinook
Custom OT Lines Defensemen
Ryan Ellis, Erik Johnson, Devon Toews, Johnny Boychuk, Michael Matheson

Scratches
None

LOS ANGELES SEALS

5 vs 5 Forward 
   Center                   Left Wing                Right Wing               Time % Phy DF OF 
 1 Jack Roslovic            Marcus Johansson         Jeff Carter              36     1   2  2  
 2 Chris Conner             Tyler Johnson            Darren Helm              31     1   2  2  
 3 Turner Elson             Patrick Maroon           Antti Suomela            23     1   2  2  
 4 Kevin Rooney             Austin Watson            Emil Bemstrom            10     1   2  2  

5 vs 5 Defense 
   Defense                  Defense                                           Time % Phy DF OF 
 1 Ryan Murray              Marcus Pettersson                                 36     1   2  2  
 2 Noah Dobson              Shayne Gostisbehere                               31     1   2  2  
 3 Nate Prosser             Frank Corrado                                     23     1   2  2  
 4 Shayne Gostisbehere      Marcus Pettersson                                 10     1   2  2  

PowerPlay Forward 
   Center                   Left Wing                Right Wing               Time % Phy DF OF 
 1 Patrick Maroon           Marcus Johansson         Darren Helm              55     1   2  2  
 2 Jack Roslovic            Tyler Johnson            Jeff Carter              45     1   2  2  

PowerPlay Defense
   Defense                  Defense                                           Time % Phy DF OF 
 1 Ryan Murray              Marcus Pettersson                                 55     1   2  2  
 2 Nate Prosser             Shayne Gostisbehere                               45     1   2  2  

Penalty Kill 4 Players Forward 
   Center                   Wing                     Time % Phy DF OF 
 1 Tyler Johnson            Jack Roslovic            55     1   2  2  
 2 Patrick Maroon           Jeff Carter              45     1   2  2  

Penalty Kill 4 Players Defense
   Defense                  Defense                  Time % Phy DF OF 
 1 Ryan Murray              Marcus Pettersson        55     1   2  2  
 2 Nate Prosser             Shayne Gostisbehere      45     1   2  2  

Penalty Kill - 3 Players Forward 
   Forward                                           Time % Phy DF OF 
 1 Jeff Carter                                       55     1   2  2  
 2 Patrick Maroon                                    45     1   2  2  

Penalty Kill - 3 Players Defense
   Defense                  Defense                  Time % Phy DF OF 
 1 Ryan Murray              Marcus Pettersson        55     1   2  2  
 2 Nate Prosser             Shayne Gostisbehere      45     1   2  2  

4 vs 4 Forward 
   Center                   Wing                     Time % Phy DF OF 
 1 Patrick Maroon           Marcus Johansson         55     1   2  2  
 2 Tyler Johnson            Jeff Carter              45     1   2  2  

4 vs 4 Defense
   Defense                  Defense                  Time % Phy DF OF 
 1 Ryan Murray              Marcus Pettersson        55     1   2  2  
 2 Nate Prosser             Shayne Gostisbehere      45     1   2  2  

Last Minutes Offensive
   Center                   Left Wing                Right Wing               Defense                  Defense                  
   Jack Roslovic            Marcus Johansson         Jeff Carter              Ryan Murray              Marcus Pettersson        

Last Minutes Defensive
   Center                   Left Wing                Right Wing               Defense                  Defense                  
   Jack Roslovic            Marcus Johansson         Jeff Carter              Ryan Murray              Marcus Pettersson        

Goaltenders
Starting : Casey DeSmith            
Backup : Daniel Vladar            

Extra Forwards
Normal : Patrick Maroon, Jeff Carter, Tyler Johnson - PP : Patrick Maroon, Tyler Johnson - PK : Patrick Maroon
Extra Defensemen
Normal : Nate Prosser, Marcus Pettersson, Shayne Gostisbehere - PP : Nate Prosser - PK : Nate Prosser, Marcus Pettersson
Penalty Shots
Marcus Johansson, Jack Roslovic, Patrick Maroon, Jeff Carter, Tyler Johnson
Custom OT Lines Forwards
Jack Roslovic, Marcus Johansson, Jeff Carter, Austin Watson, Tyler Johnson, Patrick Maroon, Antti Suomela, Chris Conner, Kevin Rooney, Emil Bemstrom
Custom OT Lines Defensemen
Ryan Murray, Marcus Pettersson, Noah Dobson, Shayne Gostisbehere, Nate Prosser

Scratches
Bo Horvat (Abdominal Strain Injury), Jonathan Ericsson (Back Injury), Adam Boqvist (Healthy), Lukas Radil (Healthy), Carter Hutton (Healthy)

% Time on Ice - COLORADO GLACIERCATS

Lines # - Real PCT - Wanted PCT - Time Play
Normal Forward
1 - 35% - 39% - 16:11
2 - 34% - 33% - 15:44
3 - 28% - 25% - 12:56
4 - 2% - 3% - 0:58
Normal Defense
1 - 34% - 38% - 15:34
2 - 34% - 35% - 15:48
3 - 30% - 27% - 13:43
4 - 2% - 0% - 0:44
PP Forward
1 - 55% - 50% - 5:06
2 - 45% - 50% - 4:07
PP Defense
1 - 60% - 70% - 5:31
2 - 40% - 30% - 3:42
PK Forward
1 - 40% - 50% - 1:49
2 - 60% - 50% - 2:43
PK Defense
1 - 57% - 40% - 2:34
2 - 43% - 60% - 1:58
PK3 Forward
1 - 0% - 50%
2 - 0% - 50%
PK3 Defense
1 - 0% - 50%
2 - 0% - 50%
44 Forward
1 - 0% - 50%
2 - 0% - 50%
44 Defense
1 - 0% - 50%
2 - 0% - 50%
Last Minute Offensive  - 0:00
Last Minute Defensive  - 0:26
Total
Forward - 60:00
Defense - 60:00

% Time on Ice - LOS ANGELES SEALS

Lines # - Real PCT - Wanted PCT - Time Play
Normal Forward
1 - 31% - 36% - 14:03
2 - 27% - 31% - 12:12
3 - 23% - 23% - 10:24
4 - 19% - 10% - 8:39
Normal Defense
1 - 33% - 36% - 15:08
2 - 31% - 31% - 14:12
3 - 29% - 23% - 13:15
4 - 6% - 10% - 2:43
PP Forward
1 - 35% - 55% - 1:34
2 - 65% - 45% - 2:58
PP Defense
1 - 53% - 55% - 2:24
2 - 47% - 45% - 2:08
PK Forward
1 - 61% - 55% - 5:37
2 - 39% - 45% - 3:36
PK Defense
1 - 59% - 55% - 5:27
2 - 41% - 45% - 3:46
PK3 Forward
1 - 0% - 55%
2 - 0% - 45%
PK3 Defense
1 - 0% - 55%
2 - 0% - 45%
44 Forward
1 - 0% - 55%
2 - 0% - 45%
44 Defense
1 - 0% - 55%
2 - 0% - 45%
Last Minute Offensive  - 0:57
Last Minute Defensive  - 0:00
Total
Forward - 60:00
Defense - 60:00

Play-by-Play

1st period


0:01 of 1st period - Tomas Hertl wins face-off versus Jack Roslovic in neutral zone.
0:08 of 1st period - Icing by Jeff Carter.
0:09 of 1st period - Brayden Schenn wins face-off versus Jack Roslovic in LOS ANGELES SEALS zone.
0:31 of 1st period - Shot by Marcus Johansson.
0:31 of 1st period - Stopped by Darcy Kuemper without a rebound.
0:32 of 1st period - Cedric Paquette wins face-off versus Chris Conner in COLORADO GLACIERCATS zone.
1:04 of 1st period - Shot by Tyler Johnson.
1:04 of 1st period - Goal by Tyler Johnson - COLORADO GLACIERCATS : 0 - LOS ANGELES SEALS : 1.
1:05 of 1st period - Tomas Hertl wins face-off versus Turner Elson in neutral zone.
1:53 of 1st period - Shot by Leon Draisaitl.
1:53 of 1st period - Goal by Leon Draisaitl - COLORADO GLACIERCATS : 1 - LOS ANGELES SEALS : 1.
1:54 of 1st period - Kevin Rooney wins face-off versus Brayden Schenn in neutral zone.
2:01 of 1st period - Shot by Austin Watson.
2:01 of 1st period - Deflect By Emil Bemstrom.
2:01 of 1st period - Shot Misses the Net.
3:54 of 1st period - Shot by Tyler Johnson.
3:54 of 1st period - Shot Misses the Net.
4:37 of 1st period - Shot by Tomas Hertl.
4:37 of 1st period - Shot Misses the Net.
4:39 of 1st period - Shot by Ryan Ellis.
4:39 of 1st period - Stopped by Casey DeSmith without a rebound.
4:40 of 1st period - Brayden Schenn wins face-off versus Jack Roslovic in LOS ANGELES SEALS zone.
4:51 of 1st period - Shot by Brayden Schenn.
4:51 of 1st period - Stopped by Casey DeSmith without a rebound.
4:52 of 1st period - Tomas Hertl wins face-off versus Turner Elson in LOS ANGELES SEALS zone.
5:03 of 1st period - Shot by Tomas Hertl.
5:03 of 1st period - Shot Blocked by Marcus Pettersson.
5:05 of 1st period - Shot by Tomas Hertl.
5:05 of 1st period - Stopped by Casey DeSmith without a rebound.
5:06 of 1st period - Brayden Schenn wins face-off versus Jack Roslovic in LOS ANGELES SEALS zone.
5:22 of 1st period - Erik Johnson is hit by Jeff Carter and loses puck.
5:40 of 1st period - Icing by Jeff Carter.
5:41 of 1st period - Tomas Hertl wins face-off versus Jack Roslovic in LOS ANGELES SEALS zone.
5:44 of 1st period - Shot by Tomas Hertl.
5:44 of 1st period - Shot Misses the Net.
6:13 of 1st period - Icing by Alex Iafallo.
6:14 of 1st period - Tyler Johnson wins face-off versus Tomas Hertl in COLORADO GLACIERCATS zone.
6:23 of 1st period - Shot by Alex Iafallo.
6:23 of 1st period - Stopped by Casey DeSmith without a rebound.
6:24 of 1st period - Turner Elson wins face-off versus Brayden Schenn in LOS ANGELES SEALS zone.
6:28 of 1st period - Minor Penalty to Marcus Pettersson for Holding.
6:29 of 1st period - Tomas Hertl wins face-off versus Tyler Johnson in LOS ANGELES SEALS zone.
8:15 of 1st period - Shot by Tomas Hertl.
8:15 of 1st period - Stopped by Casey DeSmith without a rebound.
8:16 of 1st period - Patrick Maroon wins face-off versus Tomas Hertl in LOS ANGELES SEALS zone.
9:39 of 1st period - Shot by Brayden Schenn.
9:39 of 1st period - Stopped by Casey DeSmith without a rebound.
9:40 of 1st period - Chris Conner wins face-off versus Tomas Hertl in LOS ANGELES SEALS zone.
11:18 of 1st period - Icing by Noah Dobson.
11:19 of 1st period - Cedric Paquette wins face-off versus Jack Roslovic in LOS ANGELES SEALS zone.
11:20 of 1st period - Shot by Scott Laughton.
11:20 of 1st period - Stopped by Casey DeSmith with a rebound.
12:15 of 1st period - Icing by Scott Laughton.
12:16 of 1st period - Kevin Rooney wins face-off versus Cedric Paquette in COLORADO GLACIERCATS zone.
12:16 of 1st period - Austin Watson is hit by Michael Matheson and loses puck.
12:19 of 1st period - Shot by Marcus Pettersson.
12:19 of 1st period - Shot Blocked by Zach Bogosian.
12:21 of 1st period - Shot by Marcus Pettersson.
12:21 of 1st period - Shot Misses the Net.
12:23 of 1st period - Shot by Ryan Murray.
12:23 of 1st period - Stopped by Darcy Kuemper without a rebound.
12:24 of 1st period - Tomas Hertl wins face-off versus Chris Conner in COLORADO GLACIERCATS zone.
12:31 of 1st period - Icing by Marcus Pettersson.
12:32 of 1st period - Tomas Hertl wins face-off versus Chris Conner in LOS ANGELES SEALS zone.
12:50 of 1st period - Shot by Leon Draisaitl.
12:50 of 1st period - Shot Blocked by Marcus Pettersson.
13:06 of 1st period - Shot by Tomas Hertl.
13:06 of 1st period - Stopped by Casey DeSmith without a rebound.
13:07 of 1st period - Turner Elson wins face-off versus Brayden Schenn in LOS ANGELES SEALS zone.
13:07 of 1st period - Antti Suomela is hit by Brayden Schenn and loses puck.
13:27 of 1st period - Shot by Dustin Brown.
13:27 of 1st period - Stopped by Casey DeSmith with a rebound.
13:43 of 1st period - Dustin Brown is hit by Nate Prosser and loses puck.
13:48 of 1st period - Shot by Brayden Schenn.
13:48 of 1st period - Shot Blocked by Frank Corrado.
13:53 of 1st period - Icing by Frank Corrado.
13:54 of 1st period - Tomas Hertl wins face-off versus Turner Elson in LOS ANGELES SEALS zone.
13:54 of 1st period - Tomas Hertl is hit by Nate Prosser.
14:02 of 1st period - Shot by Leon Draisaitl.
14:02 of 1st period - Shot Misses the Net.
14:04 of 1st period - Shot by Tomas Hertl.
14:04 of 1st period - Shot Misses the Net.
14:06 of 1st period - Shot by Ryan Ellis.
14:06 of 1st period - Stopped by Casey DeSmith without a rebound.
14:07 of 1st period - Cedric Paquette wins face-off versus Jeff Carter in LOS ANGELES SEALS zone.
14:16 of 1st period - Shot by Marcus Johansson.
14:16 of 1st period - Shot Misses the Net.
14:33 of 1st period - Off-side.
14:34 of 1st period - Chris Conner wins face-off versus Tomas Hertl in neutral zone.
14:46 of 1st period - Icing by Tyler Johnson.
14:47 of 1st period - Brayden Schenn wins face-off versus Chris Conner in LOS ANGELES SEALS zone.
14:50 of 1st period - Shot by Joonas Donskoi.
14:50 of 1st period - Stopped by Casey DeSmith with a rebound.
16:04 of 1st period - Minor Penalty to Ryan Murray for Charging.
16:05 of 1st period - Leon Draisaitl wins face-off versus Patrick Maroon in LOS ANGELES SEALS zone.
17:15 of 1st period - Shot by Tomas Hertl.
17:15 of 1st period - Shot Misses the Net.
17:17 of 1st period - Shot by Erik Johnson.
17:17 of 1st period - Shot Blocked by Jack Roslovic.
17:19 of 1st period - Shot by Tomas Hertl.
17:19 of 1st period - Shot Misses the Net.
17:21 of 1st period - Shot by Tomas Hertl.
17:21 of 1st period - Deflect By Brayden Schenn.
17:21 of 1st period - Goal by Brayden Schenn - COLORADO GLACIERCATS : 2 - LOS ANGELES SEALS : 1.
17:22 of 1st period - Cedric Paquette wins face-off versus Austin Watson in neutral zone.
17:25 of 1st period - Shot by Scott Laughton.
17:25 of 1st period - Shot Blocked by Ryan Murray.
17:27 of 1st period - Shot by Luke Glendening.
17:27 of 1st period - Stopped by Casey DeSmith without a rebound.
17:28 of 1st period - Kevin Rooney wins face-off versus Sam Gagner in LOS ANGELES SEALS zone.
17:30 of 1st period - Icing by Austin Watson.
17:31 of 1st period - Tomas Hertl wins face-off versus Kevin Rooney in LOS ANGELES SEALS zone.
18:04 of 1st period - Shot by Alex Iafallo.
18:04 of 1st period - Stopped by Casey DeSmith without a rebound.
18:05 of 1st period - Jack Roslovic wins face-off versus Joonas Donskoi in LOS ANGELES SEALS zone.
18:10 of 1st period - Brayden Schenn is hit by Jack Roslovic and loses puck.
18:21 of 1st period - Shot by Dustin Brown.
18:21 of 1st period - Shot Misses the Net.
18:47 of 1st period - Erik Johnson is hit by Jeff Carter and loses puck.
Goals for this period are 2 for COLORADO GLACIERCATS vs 1 for LOS ANGELES SEALS.
Shots for this period are 15 for COLORADO GLACIERCATS vs 3 for LOS ANGELES SEALS.

2nd period


0:01 of 2nd period - Tomas Hertl wins face-off versus Turner Elson in neutral zone.
0:24 of 2nd period - Icing by Alex Iafallo.
0:25 of 2nd period - Tomas Hertl wins face-off versus Chris Conner in COLORADO GLACIERCATS zone.
0:41 of 2nd period - Shot by Darren Helm.
0:41 of 2nd period - Stopped by Darcy Kuemper without a rebound.
0:42 of 2nd period - Brayden Schenn wins face-off versus Marcus Johansson in COLORADO GLACIERCATS zone.
1:51 of 2nd period - Tyler Johnson is hit by Tomas Hertl and loses puck.
2:43 of 2nd period - Off-side.
2:44 of 2nd period - Cedric Paquette wins face-off versus Turner Elson in neutral zone.
2:44 of 2nd period - Cedric Paquette is hit by Antti Suomela.
2:48 of 2nd period - Shot by Scott Laughton.
2:48 of 2nd period - Stopped by Casey DeSmith without a rebound.
2:49 of 2nd period - Turner Elson wins face-off versus Cedric Paquette in LOS ANGELES SEALS zone.
3:08 of 2nd period - Shot by Patrick Maroon.
3:08 of 2nd period - Stopped by Darcy Kuemper without a rebound.
3:09 of 2nd period - Brayden Schenn wins face-off versus Jack Roslovic in COLORADO GLACIERCATS zone.
3:39 of 2nd period - Shot by Jack Roslovic.
3:39 of 2nd period - Shot Blocked by Johnny Boychuk.
3:41 of 2nd period - Shot by Jack Roslovic.
3:41 of 2nd period - Stopped by Darcy Kuemper without a rebound.
3:42 of 2nd period - Tomas Hertl wins face-off versus Patrick Maroon in COLORADO GLACIERCATS zone.
3:50 of 2nd period - Shot by Leon Draisaitl.
3:50 of 2nd period - Shot Misses the Net.
3:52 of 2nd period - Shot by Tomas Hertl.
3:52 of 2nd period - Shot Misses the Net.
4:00 of 2nd period - Shot by Alex Iafallo.
4:00 of 2nd period - Shot Misses the Net.
4:02 of 2nd period - Shot by Leon Draisaitl.
4:02 of 2nd period - Shot Misses the Net.
4:04 of 2nd period - Shot by Alex Iafallo.
4:04 of 2nd period - Shot Misses the Net.
4:06 of 2nd period - Shot by Tomas Hertl.
4:06 of 2nd period - Stopped by Casey DeSmith without a rebound.
4:07 of 2nd period - Scott Laughton wins face-off versus Chris Conner in LOS ANGELES SEALS zone.
4:20 of 2nd period - Shot by Cedric Paquette.
4:20 of 2nd period - Stopped by Casey DeSmith without a rebound.
4:21 of 2nd period - Tomas Hertl wins face-off versus Jack Roslovic in LOS ANGELES SEALS zone.
4:31 of 2nd period - Marcus Pettersson is hit by Alex Iafallo and loses puck.
4:35 of 2nd period - Ryan Murray is hit by Alex Iafallo and loses puck.
4:44 of 2nd period - Shot by Jeff Carter.
4:44 of 2nd period - Stopped by Darcy Kuemper without a rebound.
4:45 of 2nd period - Cedric Paquette wins face-off versus Chris Conner in COLORADO GLACIERCATS zone.
4:45 of 2nd period - Cedric Paquette is hit by Darren Helm.
5:03 of 2nd period - Shot by Luke Glendening.
5:03 of 2nd period - Shot Misses the Net.
5:08 of 2nd period - Scott Laughton is hit by Noah Dobson and loses puck.
5:14 of 2nd period - Luke Glendening is hit by Shayne Gostisbehere and loses puck.
5:34 of 2nd period - Icing by Tyler Johnson.
5:35 of 2nd period - Chris Conner wins face-off versus Tomas Hertl in LOS ANGELES SEALS zone.
5:47 of 2nd period - Shot by Alex Iafallo.
5:47 of 2nd period - Shot Blocked by Shayne Gostisbehere.
6:07 of 2nd period - Leon Draisaitl is hit by Noah Dobson and loses puck.
6:22 of 2nd period - Shot by Tomas Hertl.
6:22 of 2nd period - Stopped by Casey DeSmith without a rebound.
6:23 of 2nd period - Brayden Schenn wins face-off versus Turner Elson in LOS ANGELES SEALS zone.
7:06 of 2nd period - Shot by Joonas Donskoi.
7:06 of 2nd period - Shot Misses the Net.
7:24 of 2nd period - Shot by Scott Laughton.
7:24 of 2nd period - Shot Misses the Net.
7:26 of 2nd period - Shot by Cedric Paquette.
7:26 of 2nd period - Shot Misses the Net.
7:28 of 2nd period - Shot by Erik Johnson.
7:28 of 2nd period - Shot Blocked by Marcus Pettersson.
7:38 of 2nd period - Shot by Scott Laughton.
7:38 of 2nd period - Shot Misses the Net.
7:40 of 2nd period - Shot by Johnny Boychuk.
7:40 of 2nd period - Shot Misses the Net.
7:54 of 2nd period - Icing by Ryan Murray.
7:55 of 2nd period - Tomas Hertl wins face-off versus Turner Elson in LOS ANGELES SEALS zone.
8:08 of 2nd period - Shot by Tomas Hertl.
8:08 of 2nd period - Stopped by Casey DeSmith without a rebound.
8:09 of 2nd period - Brayden Schenn wins face-off versus Jack Roslovic in LOS ANGELES SEALS zone.
8:17 of 2nd period - Icing by Jack Roslovic.
8:18 of 2nd period - Tomas Hertl wins face-off versus Jack Roslovic in LOS ANGELES SEALS zone.
8:24 of 2nd period - Double Minor Penalty to Tomas Hertl for Slashing.
8:25 of 2nd period - Cedric Paquette wins face-off versus Jack Roslovic in COLORADO GLACIERCATS zone.
8:46 of 2nd period - Shot by Jack Roslovic.
8:46 of 2nd period - Shot Misses the Net.
8:48 of 2nd period - Shot by Jack Roslovic.
8:48 of 2nd period - Shot Blocked by Erik Johnson.
8:50 of 2nd period - Shot by Shayne Gostisbehere.
8:50 of 2nd period - Shot Misses the Net.
8:52 of 2nd period - Shot by Shayne Gostisbehere.
8:52 of 2nd period - Shot Misses the Net.
8:56 of 2nd period - Shot by Jeff Carter.
8:56 of 2nd period - Shot Misses the Net.
8:58 of 2nd period - Shot by Tyler Johnson.
8:58 of 2nd period - Goal by Tyler Johnson - COLORADO GLACIERCATS : 2 - LOS ANGELES SEALS : 2.
8:59 of 2nd period - Jeff Carter wins face-off versus Luke Glendening in neutral zone.
9:15 of 2nd period - Shot by Marcus Johansson.
9:15 of 2nd period - Shot Blocked by Luke Glendening.
9:17 of 2nd period - Shot by Darren Helm.
9:17 of 2nd period - Stopped by Darcy Kuemper with a rebound.
9:19 of 2nd period - Shot by Shayne Gostisbehere.
9:19 of 2nd period - Stopped by Darcy Kuemper without a rebound.
9:20 of 2nd period - Jack Roslovic wins face-off versus Cedric Paquette in COLORADO GLACIERCATS zone.
10:45 of 2nd period - Icing by Marcus Pettersson.
10:46 of 2nd period - Cedric Paquette wins face-off versus Jack Roslovic in LOS ANGELES SEALS zone.
11:00 of 2nd period - Ryan Murray is hit by Brayden Schenn and loses puck.
11:09 of 2nd period - Shot by Dustin Brown.
11:09 of 2nd period - Shot Misses the Net.
11:11 of 2nd period - Shot by Joonas Donskoi.
11:11 of 2nd period - Shot Misses the Net.
11:13 of 2nd period - Shot by Ryan Ellis.
11:13 of 2nd period - Stopped by Casey DeSmith with a rebound.
11:32 of 2nd period - Shot by Brayden Schenn.
11:32 of 2nd period - Shot Blocked by Noah Dobson.
12:41 of 2nd period - Shot by Alex Iafallo.
12:41 of 2nd period - Stopped by Casey DeSmith without a rebound.
12:42 of 2nd period - Jack Roslovic wins face-off versus Cedric Paquette in LOS ANGELES SEALS zone.
13:36 of 2nd period - Off-side.
13:37 of 2nd period - Tomas Hertl wins face-off versus Chris Conner in neutral zone.
13:47 of 2nd period - Shot by Alex Iafallo.
13:47 of 2nd period - Shot Blocked by Tyler Johnson.
13:57 of 2nd period - Shot by Leon Draisaitl.
13:57 of 2nd period - Stopped by Casey DeSmith with a rebound.
14:42 of 2nd period - Off-side.
14:43 of 2nd period - Turner Elson wins face-off versus Brayden Schenn in neutral zone.
15:02 of 2nd period - Shot by Patrick Maroon.
15:02 of 2nd period - Shot Misses the Net.
15:20 of 2nd period - Shot by Patrick Maroon.
15:20 of 2nd period - Stopped by Darcy Kuemper without a rebound.
15:21 of 2nd period - Cedric Paquette wins face-off versus Jack Roslovic in COLORADO GLACIERCATS zone.
15:29 of 2nd period - Icing by Jeff Carter.
15:30 of 2nd period - Jack Roslovic wins face-off versus Alex Iafallo in LOS ANGELES SEALS zone.
15:30 of 2nd period - Jack Roslovic is hit by Tomas Hertl.
16:49 of 2nd period - Shot by Brayden Schenn.
16:49 of 2nd period - Stopped by Casey DeSmith without a rebound.
16:50 of 2nd period - Cedric Paquette wins face-off versus Turner Elson in LOS ANGELES SEALS zone.
16:53 of 2nd period - Shot by Scott Laughton.
16:53 of 2nd period - Stopped by Casey DeSmith with a rebound.
17:32 of 2nd period - Minor Penalty to Cedric Paquette for Hooking.
17:33 of 2nd period - Luke Glendening wins face-off versus Jack Roslovic in COLORADO GLACIERCATS zone.
19:42 of 2nd period - Brayden Schenn is hit by Noah Dobson.
Goals for this period are 0 for COLORADO GLACIERCATS vs 1 for LOS ANGELES SEALS.
Shots for this period are 10 for COLORADO GLACIERCATS vs 8 for LOS ANGELES SEALS.

3rd period


0:01 of 3rd period - Tomas Hertl wins face-off versus Jack Roslovic in neutral zone.
0:57 of 3rd period - Brayden Schenn is hit by Marcus Pettersson and loses puck.
1:01 of 3rd period - Icing by Marcus Johansson.
1:02 of 3rd period - Jeff Carter wins face-off versus Cedric Paquette in LOS ANGELES SEALS zone.
1:19 of 3rd period - Icing by Darren Helm.
1:20 of 3rd period - Brayden Schenn wins face-off versus Chris Conner in LOS ANGELES SEALS zone.
1:20 of 3rd period - Ryan Ellis is hit by Noah Dobson.
1:36 of 3rd period - Shot by Joonas Donskoi.
1:36 of 3rd period - Deflect By Brayden Schenn.
1:36 of 3rd period - Stopped by Casey DeSmith without a rebound.
1:37 of 3rd period - Turner Elson wins face-off versus Tomas Hertl in LOS ANGELES SEALS zone.
1:37 of 3rd period - Turner Elson is hit by Alex Iafallo.
2:08 of 3rd period - Minor Penalty to Nate Prosser for Slashing.
2:09 of 3rd period - Tyler Johnson wins face-off versus Scott Laughton in LOS ANGELES SEALS zone.
2:26 of 3rd period - Shot by Leon Draisaitl.
2:26 of 3rd period - Shot Misses the Net.
2:28 of 3rd period - Shot by Ryan Ellis.
2:28 of 3rd period - Stopped by Casey DeSmith without a rebound.
2:29 of 3rd period - Tyler Johnson wins face-off versus Tomas Hertl in LOS ANGELES SEALS zone.
2:29 of 3rd period - Tyler Johnson is hit by Leon Draisaitl.
3:03 of 3rd period - Shot by Tomas Hertl.
3:03 of 3rd period - Shot Misses the Net.
4:36 of 3rd period - Shot by Cedric Paquette.
4:36 of 3rd period - Shot Misses the Net.
4:56 of 3rd period - Shot by Sam Gagner.
4:56 of 3rd period - Shot Misses the Net.
4:58 of 3rd period - Shot by Leon Draisaitl.
4:58 of 3rd period - Shot Blocked by Kevin Rooney.
5:00 of 3rd period - Shot by Leon Draisaitl.
5:00 of 3rd period - Stopped by Casey DeSmith with a rebound.
5:02 of 3rd period - Shot by Michael Matheson.
5:02 of 3rd period - Goal by Michael Matheson - COLORADO GLACIERCATS : 3 - LOS ANGELES SEALS : 2.
5:03 of 3rd period - Turner Elson wins face-off versus Luke Glendening in neutral zone.
5:09 of 3rd period - Minor Penalty to Antti Suomela for Delaying the game.
5:10 of 3rd period - Patrick Maroon wins face-off versus Tomas Hertl in LOS ANGELES SEALS zone.
5:37 of 3rd period - Shot by Ryan Ellis.
5:37 of 3rd period - Shot Misses the Net.
5:39 of 3rd period - Shot by Ryan Ellis.
5:39 of 3rd period - Shot Hit the Post.
5:43 of 3rd period - Shot by Leon Draisaitl.
5:43 of 3rd period - Stopped by Casey DeSmith without a rebound.
5:44 of 3rd period - Scott Laughton wins face-off versus Patrick Maroon in LOS ANGELES SEALS zone.
6:36 of 3rd period - Shot by Brayden Schenn.
6:36 of 3rd period - Stopped by Casey DeSmith with a rebound.
6:38 of 3rd period - Shot by Tomas Hertl.
6:38 of 3rd period - Stopped by Casey DeSmith with a rebound.
6:42 of 3rd period - Shot by Leon Draisaitl.
6:42 of 3rd period - Stopped by Casey DeSmith without a rebound.
6:43 of 3rd period - Patrick Maroon wins face-off versus Tomas Hertl in LOS ANGELES SEALS zone.
7:19 of 3rd period - Icing by Kevin Rooney.
7:20 of 3rd period - Cedric Paquette wins face-off versus Kevin Rooney in LOS ANGELES SEALS zone.
7:33 of 3rd period - Shot by Kevin Rooney.
7:33 of 3rd period - Stopped by Darcy Kuemper without a rebound.
7:34 of 3rd period - Turner Elson wins face-off versus Brayden Schenn in COLORADO GLACIERCATS zone.
7:49 of 3rd period - Ryan Ellis is hit by Shayne Gostisbehere and loses puck.
8:13 of 3rd period - Dustin Brown is hit by Noah Dobson.
8:18 of 3rd period - Brayden Schenn is hit by Noah Dobson and loses puck.
8:47 of 3rd period - Off-side.
8:48 of 3rd period - Marcus Johansson wins face-off versus Tomas Hertl in neutral zone.
9:16 of 3rd period - Shot by Marcus Johansson.
9:16 of 3rd period - Shot Misses the Net.
9:36 of 3rd period - Zach Bogosian is hit by Jeff Carter and loses puck.
10:28 of 3rd period - Shot by Erik Johnson.
10:28 of 3rd period - Shot Hit the Post.
10:30 of 3rd period - Shot by Erik Johnson.
10:30 of 3rd period - Shot Misses the Net.
11:30 of 3rd period - Luke Glendening is hit by Shayne Gostisbehere.
11:33 of 3rd period - Scott Laughton is hit by Shayne Gostisbehere and loses puck.
11:36 of 3rd period - Shot by Luke Glendening.
11:36 of 3rd period - Shot Misses the Net.
11:56 of 3rd period - Jordan Martinook is hit by Shayne Gostisbehere and loses puck.
12:16 of 3rd period - Icing by Noah Dobson.
12:17 of 3rd period - Kevin Rooney wins face-off versus Brayden Schenn in LOS ANGELES SEALS zone.
12:31 of 3rd period - Ryan Ellis is hit by Marcus Johansson and loses puck.
12:54 of 3rd period - Shot by Brayden Schenn.
12:54 of 3rd period - Shot Misses the Net.
12:56 of 3rd period - Shot by Ryan Ellis.
12:56 of 3rd period - Shot Misses the Net.
13:03 of 3rd period - Icing by Marcus Pettersson.
13:04 of 3rd period - Cedric Paquette wins face-off versus Jack Roslovic in LOS ANGELES SEALS zone.
13:07 of 3rd period - Shot by Scott Laughton.
13:07 of 3rd period - Deflect By Luke Glendening.
13:07 of 3rd period - Stopped by Casey DeSmith with a rebound.
14:00 of 3rd period - Shot by Leon Draisaitl.
14:00 of 3rd period - Deflect By Tomas Hertl.
14:00 of 3rd period - Shot Misses the Net.
14:02 of 3rd period - Shot by Leon Draisaitl.
14:02 of 3rd period - Stopped by Casey DeSmith without a rebound.
14:03 of 3rd period - Chris Conner wins face-off versus Joonas Donskoi in LOS ANGELES SEALS zone.
14:44 of 3rd period - Icing by Johnny Boychuk.
14:45 of 3rd period - Turner Elson wins face-off versus Brayden Schenn in COLORADO GLACIERCATS zone.
15:09 of 3rd period - Patrick Maroon is hit by Zach Bogosian and loses puck.
15:12 of 3rd period - Shot by Patrick Maroon.
15:12 of 3rd period - Stopped by Darcy Kuemper without a rebound.
15:13 of 3rd period - Tomas Hertl wins face-off versus Kevin Rooney in COLORADO GLACIERCATS zone.
15:40 of 3rd period - Off-side.
15:41 of 3rd period - Cedric Paquette wins face-off versus Chris Conner in neutral zone.
15:44 of 3rd period - Tyler Johnson is hit by Luke Glendening and loses puck.
16:00 of 3rd period - Cedric Paquette is hit by Marcus Pettersson and loses puck.
16:04 of 3rd period - Minor Penalty to Marcus Pettersson for Holding.
16:05 of 3rd period - Tomas Hertl wins face-off versus Tyler Johnson in LOS ANGELES SEALS zone.
16:06 of 3rd period - Shot by Brayden Schenn.
16:06 of 3rd period - Stopped by Casey DeSmith without a rebound.
16:07 of 3rd period - Tomas Hertl wins face-off versus Tyler Johnson in LOS ANGELES SEALS zone.
17:29 of 3rd period - Off-side.
17:30 of 3rd period - Scott Laughton wins face-off versus Tyler Johnson in neutral zone.
17:51 of 3rd period - Shot by Ryan Ellis.
17:51 of 3rd period - Stopped by Casey DeSmith without a rebound.
17:52 of 3rd period - Tomas Hertl wins face-off versus Tyler Johnson in LOS ANGELES SEALS zone.
19:20 of 3rd period - Jeff Carter is hit by Cedric Paquette and loses puck.
19:39 of 3rd period - LOS ANGELES SEALS, Casey DeSmith is pulled from the net.
19:48 of 3rd period - Icing by Erik Johnson.
19:49 of 3rd period - Jack Roslovic wins face-off versus Tomas Hertl in COLORADO GLACIERCATS zone.
19:56 of 3rd period - Shot by Jeff Carter.
19:56 of 3rd period - Stopped by Darcy Kuemper without a rebound.
19:57 of 3rd period - Tomas Hertl wins face-off versus Jack Roslovic in COLORADO GLACIERCATS zone.
Goals for this period are 1 for COLORADO GLACIERCATS vs 0 for LOS ANGELES SEALS.
Shots for this period are 12 for COLORADO GLACIERCATS vs 3 for LOS ANGELES SEALS.


SEBASTIAN
AHO
MARK
SCHEIFELE
JAKE
OETTINGER

EAST COAST

HOCKEY LEAGUE

  • 17.QUE3CHI2
  • 18.CHA2LIM4
  • 19.TRV3LON2
  • 20.CHW1BAL2
  • 21.PITMAN
  • 22.ATLNHW
  • 23.WORPET
  • 24.RHI